 Dungeon Crawl Stone Soup version 0.24-a0-317-g5cb8de4b22 (webtiles) character file.

Game seed: 10868363885106409950

3160 Findor the Covert (level 9, -2/75 (76) HPs)
             Began as a Naga Wanderer on May 16, 2019.
             Was an Initiate of Gozag.
             Slain by Gastronok (22 damage)
             ... on level 8 of the Dungeon.
             The game lasted 00:16:34 (9441 turns).

Findor the Covert (Naga Wanderer)                   Turns: 9441, Time: 00:16:34

HP:   -2/75 (76)    AC:  7    Str: 17      XL:     9   Next: 94%
MP:   9/9           EV:  9    Int: 13      God:    Gozag
Gold: 486           SH:  0    Dex: 10 (11) Spells: 8/8 levels left

rFire    + . .     SeeInvis +   m - +2 long sword (holy)
rCold    + + .     Gourm    +   (no shield)
rNeg     . . .     Faith    .   I - +2 leather armour {rC+}
rPois    +         Spirit   .   (no helmet)
rElec    .         Reflect  .   r - +0 cloak
rCorr    .         Harm     .   (no gloves)
MR       +....                  (no barding)
Stlth    ++++......             F - amulet of the gourmand
HPRegen  0.22/turn              q - ring of protection from fire
MPRegen  0.11/turn              y - ring of protection from cold

@: hasted, quick
A: large, see invisible, deformed body, poison resistance, slowness 2, slow
metabolism 1, spit poison 1, AC +3
a: Spit Poison, Potion Petition, Call Merchant, Bribe Branch, Renounce Religion


You were on level 8 of the Dungeon.
You worshipped Gozag.
Gozag was aware of your devotion.
You were not hungry.

You visited 1 branch of the dungeon, and saw 8 of its levels.
You also visited: Sewer.

You collected 1395 gold pieces.
You spent 345 gold pieces at shops.
You paid 564 gold pieces to Gozag.


Innate Abilities, Weirdness & Mutations

You cannot wear boots.
Your serpentine skin is tough. (AC +3)
You have supernaturally acute eyesight. (SInv)
Armour fits poorly on your strangely shaped body.
Your system is resistant to poisons. (rPois)
You cover ground very slowly.
You have a slow metabolism.
You can spit poison.


   Skills:
 - Level 3.3 Fighting
 * Level 10.5 Long Blades
 - Level 1.0 Staves
 - Level 1.5 Dodging
 + Level 11.7 Stealth
   Level 3.0 Summonings
   Level 2.0 Ice Magic
 - Level 1.0 Evocations


You had 8 spell levels left.
You didn't know any spells.
Your spell library contained the following spells:

 Spells                   Type           Power        Failure   Level  Hunger
 Call Imp                 Summ           #.......     17%         2    ###....
 Magic Dart               Conj           #...         36%         1    ##.....
 Ensorcelled Hibernation  Hex/Ice        #.....       36%         2    ###....
 Throw Frost              Conj/Ice       #.....       36%         2    ###....
 Blink                    Tloc           N/A          50%         2    ###....
 Slow                     Hex            #.......     50%         2    ###....
 Conjure Flame            Conj/Fire      #.......     75%         3    ####...
 Mephitic Cloud           Conj/Pois/Air  #.......     75%         3    ####...

Inventory:

Hand Weapons
 a - a +0 quarterstaff
 m - a +2 long sword of holy wrath (weapon)
   (You found it on level 3 of the Dungeon)
Missiles
 k - 24 poisoned darts (quivered)
 D - 6 silver boomerangs
Armour
 b - a +3 leather armour
 n - a +0 ring mail of magic resistance
   (You took it off an orc on level 3 of the Dungeon)
 r - a +0 cloak (worn)
   (You found it on level 3 of the Dungeon)
 I - a +2 leather armour of cold resistance (worn)
   (You found it on level 7 of the Dungeon)
Jewellery
 g - a +3 ring of intelligence
   (You found it on level 1 of the Dungeon)
 h - a +1 ring of evasion {unknown}
   (You found it on level 7 of the Dungeon)
 p - an uncursed ring of stealth
   (You found it on level 3 of the Dungeon)
 q - a ring of protection from fire (left hand)
   (You found it on level 3 of the Dungeon)
 y - a ring of protection from cold (right hand)
   (You found it on level 5 of the Dungeon)
 F - an amulet of the gourmand (around neck)
   (You found it on level 6 of the Dungeon)
Wands
 c - a wand of disintegration (10)
   (You found it on level 7 of the Dungeon)
 d - a wand of iceblast (5)
   (You found it on level 6 of the Dungeon)
 A - a wand of polymorph (11)
   (You found it on level 6 of the Dungeon)
Scrolls
 i - 2 scrolls of blinking
 j - 2 scrolls of magic mapping
 o - 4 scrolls of teleportation {@r4}
 u - 5 scrolls of enchant weapon
 w - 2 scrolls of immolation {!r}
 C - a scroll of remove curse {@r2}
Potions
 e - 2 potions of magic
 f - 5 potions of flight
 l - 3 potions of mutation {!q}
 s - a potion of haste {@q3}
 t - a potion of cancellation {unknown}
 v - 2 potions of brilliance {unknown}
 B - a potion of agility {unknown}
 E - 9 potions of curing {@q1}
 G - a potion of might {unknown}
Comestibles
 z - 10 rations


Message History

The bullfrog skeleton hits you.
You slash the bullfrog skeleton!
The bullfrog skeleton convulses!
The bullfrog skeleton closely misses you.
You hit the bullfrog skeleton.
You destroy the bullfrog skeleton!
The leopard gecko skeleton closely misses you.
You slash the leopard gecko skeleton!
You destroy the leopard gecko skeleton!
No target in view!
No target in view!
No target in view!
No target in view!
No target in view!
No target in view!
No target in view!
No target in view!
No target in view!
No target in view!
No target in view!
No target in view!
You now have 476 gold pieces (gained 5).
You now have 481 gold pieces (gained 5).
Found 5 gold pieces.
You now have 486 gold pieces (gained 5).
Found 14 poisoned darts.
Wear which item? (? for menu, Esc to quit)
Okay, then.
Search for what [Enter for "."]? shield Can't find anything matching that.
Unknown command.
k - 24 poisoned darts (gained 14)
Found an escape hatch in the ceiling.
Found Dewkosox's Magic Scroll Shoppe.
Gastronok the Ponderous comes into view.
He is wearing a +0 hat of intelligence.
Found a stone staircase leading up.
The helpless Gastronok fails to defend himself.
You slash Gastronok!
Press: ? - help, Shift-Dir - straight line, f - Gastronok
Aim: Gastronok, wearing a +0 hat of intelligence (lightly wounded)
The splash of poison hits Gastronok.
Gastronok is poisoned.
You feel slightly more hungry. Gastronok bites you!!
You slash Gastronok! You hit Gastronok. Gastronok bites you!!
* * * LOW HITPOINT WARNING * * *
You feel yourself speed up.
You slash Gastronok!
You have got your breath back.
You slash Gastronok! Gastronok bites you!!
You die...
Your body crumbles into a pile of gold.

#.#######
#...∩.......
#...........
#..........
#........#
###........#
#.#....<...#
#.#........###...
#........@.......
#.#.......w.#....
#.#.........<....
#.#.#########....
#.#.. ...
####.###########
##
#...............
########...#####
#..............#


You could see Gastronok.

Vanquished Creatures
  A cyclops (D:7)
  Eustachio (D:6)
  2 sky beasts (D:6)
  An orc warrior (D:6)
  An ice beast (D:6)
  An ogre (D:7)
  A phantom (D:6)
  A centaur (D:7)
  A necrophage (D:7)
  A big kobold (Sewer)
  5 bullfrogs
  2 scorpions
  A howler monkey (D:5)
  4 crimson imps
  A bullfrog zombie (D:6)
  7 hounds
  A quasit (D:7)
  A centaur zombie (D:7)
  6 orc priests
  8 orc wizards
  6 bullfrog skeletons
  3 iguanas
  3 worker ants
  A hound zombie (D:5)
  A howler monkey zombie (D:7)
  A howler monkey skeleton (D:4)
  11 adders
  3 river rats
  2 worms (D:3)
  2 dart slugs (D:4)
  4 leopard geckos
  23 orcs
  3 ball pythons
  4 bats
  9 giant cockroaches
  5 goblins
  3 hobgoblins
  11 jackals
  7 quokkas
  3 frilled lizards
  A jackal skeleton (D:5)
  4 kobolds
  2 leopard gecko skeletons
  2 quokka skeletons
  8 rats
169 creatures vanquished.

Notes
Turn   | Place    | Note
-------+----------+-------------------------------------------
     0 | D:1      | Findor the Naga Wanderer began the quest for the Orb.
     0 | D:1      | Findor set off with the following items: a +0 quarterstaff,
                  | a +2 leather armour, a ration; and the following spells
                  | available to memorise: Ensorcelled Hibernation, Throw Frost
     0 | D:1      | Reached XP level 1. HP: 15/15 MP: 1/1
   140 | D:1      | Reached skill level 1 in Fighting
   348 | D:1      | Reached XP level 2. HP: 25/25 MP: 2/2
  1531 | D:2      | Found a bloodstained altar of Trog.
  1545 | D:2      | Found an opulent altar of Gozag.
  1548 | D:2      | Found a glowing silver altar of Zin.
  1562 | D:2      | Became a worshipper of Gozag Ym Sagoz the Greedy
  1568 | D:2      | Found an ornate altar of the Wu Jian Council.
  1579 | D:2      | Reached skill level 2 in Stealth
  1617 | D:2      | Reached XP level 3. HP: 17/33 MP: 3/3
  2283 | D:3      | Found an iron altar of Okawaru.
  2319 | D:3      | Reached skill level 3 in Fighting
  2319 | D:3      | Reached skill level 3 in Stealth
  2319 | D:3      | Reached XP level 4. HP: 42/42 MP: 4/4
  2509 | D:3      | Found a glowing drain.
  2520 | D:3      | Reached skill level 1 in Long Blades
  2711 | Sewer    | Entered a sewer
  2845 | Sewer    | Reached XP level 5. HP: 47/49 MP: 5/5
  2845 | Sewer    | Noticed a big kobold
  2860 | Sewer    | Killed a big kobold
  2860 | Sewer    | Reached skill level 4 in Stealth
  2958 | Sewer    | Found a white marble altar of Elyvilon.
  3064 | D:3      | Found a hazy altar of Hepliaklqana.
  3588 | D:4      | Reached skill level 3 in Long Blades
  3588 | D:4      | Reached XP level 6. HP: 48/56 MP: 6/6
  3643 | D:4      | Found a staircase to the Ecumenical Temple.
  3742 | D:4      | Found a burning altar of Makhleb.
  3760 | D:4      | Reached skill level 5 in Stealth
  4267 | D:4      | Reached XP level 7. HP: 54/62 MP: 7/7
  4268 | D:4      | Reached skill level 6 in Stealth
  4663 | D:5      | Entered Level 5 of the Dungeon
  4995 | D:5      | Reached skill level 7 in Stealth
  5213 | D:5      | Found Vaskyt's Magic Scroll Shop.
  5218 | D:5      | Bought a scroll of blinking for 82 gold pieces
  5218 | D:5      | Bought a scroll of enchant weapon for 82 gold pieces
  5218 | D:5      | Bought a scroll of blinking for 82 gold pieces
  5218 | D:5      | Bought 3 scrolls of teleportation for 99 gold pieces
  5359 | D:5      | Reached skill level 6 in Long Blades
  5369 | D:5      | Reached XP level 8. HP: 29/69 MP: 8/8
  5680 | D:5      | Found a blossoming altar of Fedhas.
  5890 | D:6      | Reached skill level 8 in Stealth
  6348 | D:6      | Reached skill level 9 in Stealth
  6388 | D:6      | Noticed Eustachio
  6406 | D:6      | Killed Eustachio
  6583 | D:6      | Reached XP level 9. HP: 70/76 MP: 9/9
  6856 | D:6      | Reached skill level 10 in Stealth
  7208 | D:6      | Reached skill level 9 in Long Blades
  7914 | D:7      | HP: 15/76 [orc priest/divine providence (11)]
  7915 | D:7      | HP: 5/76 [orc priest/divine providence (10)]
  8181 | D:7      | Found a snail-covered altar of Cheibriados.
  8536 | D:7      | Noticed a cyclops
  8834 | D:7      | Killed a cyclops
  8834 | D:7      | Reached skill level 11 in Stealth
  9300 | D:7      | Found a sparkling altar of Nemelex Xobeh.
  9427 | D:8      | Found Dewkosox's Magic Scroll Shoppe.
  9428 | D:8      | Noticed Gastronok
  9441 | D:8      | Slain by Gastronok

Levels and vault maps discovered:
D:1:      onia_arrival_mini_maze_b, layout_loops_ring, serial_forest,
          infiniplex_forest_end_1, infiniplex_forest_clump_cross,
          infiniplex_forest_clump_curved, infiniplex_forest_straight_5,
          infiniplex_forest_zigzag_1
D:2:      layout_basic, grunt_temple_overflow_cloverleaf
D:3:      layout_rooms, overflow_temple_1_default, okawaru_metal_pillars_1_2,
          first_ration, portal_sewer_entry_e
D:4:      minmay_razor_zed, layout_loops_cross, makhleb_grotto_becter,
          temple_doors_cd
D:5:      layout_loops_ring, kennysheep_mini, serial_shops, shop
D:6:      layout_layer_cave, serial_bayou_ford_a, mrwooster_statue_mirror,
          minmay_quadrilaterals, uniq_eustachio
D:7:      layout_basic, nemelex_altar_shiori, lemuel_crystal_altar, bh_chokoban
D:8:      minmay_separated_statues, layout_basic, serial_shops, shop_statue,
          shop, shop, nicolae_shop_window_shopping, kb_lookout_dungeons_type,
          hangedman_little_slice_of_home, minmay_gold_behind_fungi,
          hangedman_abyss_or_decor_stabs, minivault_4, uniq_gastronok, uniq_grum

Action                   |  1- 3 |  4- 6 |  7- 9 || total
-------------------------+-------+-------+-------++-------
Melee: Quarterstaff      |    92 |    19 |       ||   111
       Long sword        |       |   150 |   365 ||   515
Throw: Dart              |     1 |       |     1 ||     2
Invok: Potion Petition   |     1 |       |     2 ||     3
 Abil: Spit Poison       |     3 |     6 |    22 ||    31
Evoke: Wand              |       |       |     2 ||     2
  Use: Scroll            |     5 |     8 |    10 ||    23
       Potion            |       |       |     4 ||     4
 Stab: Sleeping          |     1 |       |    15 ||    16
       Invisible         |       |       |     3 ||     3
  Eat: Chunk             |     1 |       |       ||     1
       Ration            |     1 |     1 |     5 ||     7
Armor: Leather armour    |    39 |    71 |   173 ||   283
       Skin              |       |       |     3 ||     3
Dodge: Dodged            |    50 |    88 |   198 ||   336
       Rpst.: Long sword |       |    24 |    71 ||    95
